 Dungeon Crawl Stone Soup version 0.24.0-13-gcf9b319 (webtiles) character file.

Game seed: 6379836936572152474, levelgen mode: deterministic

1219 Bronimir the Ogre Mage (level 8, -3/74 HPs)
             Began as an Ogre Fire Elementalist on Mar 28, 2020.
             Was a Follower of Okawaru.
             Slain by a wyvern zombie (6 damage)
             ... in an ossuary.
             The game lasted 00:13:55 (6141 turns).

Bronimir the Ogre Mage (Ogre Fire Elementalist)     Turns: 6141, Time: 00:13:55

Health: -3/74      AC:  5    Str: 15    XL:     8   Next: 47%
Magic:  9/16       EV: 10    Int: 16    God:    Okawaru [*.....]
Gold:   296        SH:  0    Dex:  9    Spells: 8/18 levels left

rFire    . . .     SeeInvis .   a - +0 hand axe
rCold    . . .     Gourm    .   (no shield)
rNeg     . . .     Faith    .   e - +0 robe
rPois    .         Spirit   .   l - +2 hat
rElec    .         Reflect  .   (no cloak)
rCorr    .         Harm     .   (gloves unavailable)
MR       .....                  (boots unavailable)
Stlth    +.........             (no amulet)
HPRegen  0.22/turn              (no ring)
MPRegen  0.15/turn              (no ring)

@: no status effects
A: large, unfitting armour, tough skin 1
a: Heroism, Renounce Religion


You were in an ossuary.
You worshipped Okawaru.
Okawaru was aware of your devotion.
You were very hungry.

You visited 2 branches of the dungeon, and saw 6 of its levels.
You also visited: Ossuary.

You collected 296 gold pieces.

Inventory:

Hand Weapons
 a - a +0 hand axe (weapon)
 q - a +0 spear
 s - a +0 arbalest
 t - a +0 quarterstaff
 w - a +0 flail of holy wrath
Missiles
 g - 220 stones
 r - 33 arrows
 x - 5 boomerangs
 z - 6 poisoned darts (quivered)
Armour
 e - a +0 robe (worn)
 l - a +2 hat (worn)
Jewellery
 p - a +1 ring of evasion {unknown}
 u - an uncursed ring of stealth {unknown}
Scrolls
 b - 5 scrolls of identify {unknown}
 d - a scroll of random uselessness {unknown}
 f - a scroll of fear {unknown}
 i - 3 scrolls of fog {unknown}
 j - a scroll of magic mapping {unknown}
 k - 2 scrolls of teleportation {unknown}
 m - 5 scrolls of remove curse {unknown}
 y - a scroll of noise {unknown}
Potions
 h - a potion of flight
 o - a potion of degeneration {unknown}
 v - a potion of curing {unknown}
Comestibles
 c - 3 rations


   Skills:
 + Level 2.9 Fighting
 + Level 1.7 Axes
 + Level 4.2 Throwing
 + Level 2.5 Dodging
 - Level 1.4 Stealth
 * Level 5.6 Spellcasting
 * Level 3.7 Conjurations
 * Level 5.1 Fire Magic


You had 8 spell levels left.
You knew the following spells:

 Your Spells              Type           Power        Failure   Level  Hunger
a - Flame Tongue          Conj/Fire      ###..        2%          1    None
b - Throw Flame           Conj/Fire      ###...       3%          2    #......
c - Conjure Flame         Conj/Fire      ###.....     7%          3    ##.....
d - Sticky Flame          Conj/Fire      ###.....     22%         4    ####...

Your spell library contained the following spells:

 Spells                   Type           Power        Failure   Level  Hunger
 Inner Flame              Hex/Fire       ##......     16%         3    ##.....
 Fireball                 Conj/Fire      ###.......   54%         5    ######.


Dungeon Overview and Level Annotations

Branches:
Dungeon (5/15)             Temple (1/1) D:4         Ossuary (1/1)

Altars:
Ashenzari
Cheibriados
Dithmenos
Elyvilon
Fedhas
Gozag
Hepliaklqana
Kikubaaqudgha
Makhleb
Nemelex Xobeh
Okawaru
Qazlal
Ru
Sif Muna
Trog
Uskayaw
Vehumet
Wu Jian
Xom
Yredelemnul
Zin
The Shining One


Innate Abilities, Weirdness & Mutations

You are too large for most types of armour.
You have tough skin. (AC +1)


Message History

The wyvern zombie is almost destroyed.
The wyvern zombie closely misses you. The wyvern zombie barely misses you.
You hit the wyvern zombie but do no damage.
The wyvern zombie is almost destroyed.
The wyvern zombie bites you but does no damage.
The wyvern zombie bites you!
* * * LOW HITPOINT WARNING * * *
You hit the wyvern zombie.
The wyvern zombie is almost destroyed.
The wyvern zombie bites you.
* * * LOW HITPOINT WARNING * * *
Casting: Flame Tongue (safe; 2% risk of failure)
Confirm with . or Enter, or press ? or * to list all spells.
Aiming: Flame Tongue (safe; 2% risk of failure)
Press: ? - help, Shift-Dir - straight line, f/p - wyvern zombie
Aim: a wyvern zombie (almost destroyed)
The flame tongue hits the wyvern zombie.
The wyvern zombie is almost destroyed.
The wyvern zombie bites you.
You die...

#≈#≈ '.#
≈≈≈##≈#
###≈.≈.≈
#≈≈≈≈≈≈#####
#≈≈..≈#..∩#
###≈≈.∩.#
#.'.#...#
###.#####.####
+...@.......
#+#'#Z#'#'#'
#.#.# #####


You could see a wyvern zombie.

Vanquished Creatures
  Grinder (D:3)
  Sigmund (D:4)
  A phantom (D:4)
  2 wyvern zombies (Ossuary)
  2 centaur zombies (Ossuary)
  2 orc wizards
  Terence (D:2)
  An iguana (D:4)
  3 worker ants (D:4)
  A killer bee zombie (Ossuary)
  A hound zombie (Ossuary)
  10 mummies (Ossuary)
  A worker ant zombie (Ossuary)
  4 gnolls (D:4)
  6 adders
  2 adder zombies (Ossuary)
  An adder skeleton (D:4)
  4 worms
  2 leopard geckos
  5 orcs
  7 bats
  5 giant cockroaches
  7 goblins
  2 hobgoblins
  7 jackals
  2 quokkas
  5 ball pythons
  3 frilled lizards
  6 kobolds
  A leopard gecko zombie (Ossuary)
  2 quokka zombies (Ossuary)
  6 rats
104 creatures vanquished.

Vanquished Creatures (others)
  4 withered plants (Ossuary)
4 creatures vanquished.

Grand Total: 108 creatures vanquished

Notes
Turn   | Place    | Note
-------+----------+-------------------------------------------
     0 | D:1      | Bronimir the Ogre Fire Elementalist began the quest for the
                  | Orb.
     0 | D:1      | Reached XP level 1. HP: 16/16 MP: 3/3
    94 | D:1      | Reached skill level 1 in Conjurations
   278 | D:1      | Reached XP level 2. HP: 21/24 MP: 2/5
  1377 | D:2      | Reached XP level 3. HP: 29/32 MP: 4/7
  1649 | D:2      | Reached skill level 1 in Throwing
  1792 | D:2      | Reached XP level 4. HP: 40/40 MP: 4/8
  1831 | D:2      | Noticed Terence
  1848 | D:2      | Killed Terence
  2665 | D:3      | Reached XP level 5. HP: 46/46 MP: 7/9
  2948 | D:3      | Noticed Grinder
  2976 | D:3      | Paralysed by Grinder for 3 turns
  2997 | D:3      | Paralysed by Grinder for 3 turns
  3002 | D:3      | Paralysed by Grinder for 3 turns
  3012 | D:3      | Paralysed by Grinder for 4 turns
  3016 | D:3      | Killed Grinder
  3016 | D:3      | Reached skill level 1 in Fighting
  3016 | D:3      | Reached XP level 6. HP: 20/55 MP: 4/11
  3444 | D:4      | Learned a level 2 spell: Throw Flame
  3448 | D:4      | Learned a level 3 spell: Conjure Flame
  3453 | D:4      | Learned a level 4 spell: Sticky Flame
  3646 | D:4      | Noticed a phantom
  3737 | D:4      | Killed a phantom
  3737 | D:4      | Reached skill level 1 in Axes
  3737 | D:4      | Reached XP level 7. HP: 22/62 MP: 6/13
  4214 | D:4      | Found a hide-covered altar of Uskayaw.
  4216 | D:4      | Found a shadowy altar of Dithmenos.
  4216 | D:4      | Found a snail-covered altar of Cheibriados.
  4232 | D:4      | Found a white marble altar of Elyvilon.
  4234 | D:4      | Found an ornate altar of the Wu Jian Council.
  4234 | D:4      | Found an ancient bone altar of Kikubaaqudgha.
  4235 | D:4      | Found a burning altar of Makhleb.
  4326 | D:4      | Noticed Sigmund
  4375 | D:4      | Killed Sigmund
  4666 | D:4      | Found a staircase to the Ecumenical Temple.
  4672 | Temple   | Entered the Ecumenical Temple
  4873 | Temple   | Became a worshipper of Warmaster Okawaru
  5403 | D:5      | Entered Level 5 of the Dungeon
  5447 | D:5      | Found a sand-covered staircase.
  5457 | Ossuary  | Entered an ossuary
  5463 | Ossuary  | Reached skill level 5 in Spellcasting
  5515 | Ossuary  | Reached XP level 8. HP: 60/72 MP: 3/15
  6037 | Ossuary  | Reached skill level 5 in Fire Magic
  6059 | Ossuary  | Reached * piety under Okawaru
  6140 | Ossuary  | HP: 3/74 [wyvern zombie (6)]
  6141 | Ossuary  | Slain by a wyvern zombie

Levels and vault maps discovered:
D:1:      sevenhm_arrival_forest_fort_large_2, layout_loops_ring
D:2:      layout_loops_corners, hangedman_abyss_or_decor_stabs, uniq_terence
D:3:      layout_rooms, uniq_grinder
D:4:      layout_basic, grunt_temple_overflow_open, minmay_temple_entry_fiery,
          minmay_parallelograms, uniq_sigmund
D:5:      layout_cave_pods, first_ration, lightli_ossuary_entry_decrepit_ruins
Temple:   regret_index_temple_generic_petals
Ossuary:  ossuary_zaba_flooded

Skill      XL: |  1  2  3  4  5  6  7  8 |
---------------+-------------------------+-----
Conjurations   | 1 2 3 |  3.7
Fire Magic     | 3 4 5 |  5.1
Dodging        | 2 |  2.5
Throwing       | 1 2 3 4 |  4.2
Spellcasting   | 3 4 5 |  5.6
Fighting       | 1 2 |  2.9
Axes           | 1 |  1.7
Stealth        | |  1.4

Action                   |  1- 3 |  4- 6 |  7- 9 || total
-------------------------+-------+-------+-------++-------
Melee: Hand axe          |    34 |    39 |    55 ||   128
       Unarmed           |     1 |       |       ||     1
Throw: Dart              |    85 |    62 |    22 ||   169
       Stone             |       |    17 |       ||    17
 Cast: Flame Tongue      |    17 |    72 |   104 ||   193
       Throw Flame       |       |     3 |    12 ||    15
  Use: Potion            |       |       |     2 ||     2
 Stab: Sleeping          |     1 |       |       ||     1
  Eat: Chunk             |     3 |     5 |     7 ||    15
Armor: Robe              |    31 |    22 |    24 ||    77
       Skin              |       |       |    10 ||    10
Dodge: Dodged            |    49 |    56 |    75 ||   180
